 Dungeon Crawl Stone Soup version 0.27.0-1-g7a089689b8 (webtiles) character file.

Game seed: 7395567932645920949

291 kobby the Covert (level 6, 0/46 HPs)
             Began as a Vampire Brigand on Aug 8, 2021.
             Slain by Terence (5 damage)
             ... on level 3 of the Dungeon.
             The game lasted 00:15:39 (3231 turns).

kobby the Covert (Vampire Brigand)                  Turns: 3231, Time: 00:15:40

Health: 0/46       AC:  5    Str: 15 (16) XL:     6   Next: 10%
Magic:  6/6        EV: 12    Int: 12 (14) God:
Gold:   424        SH:  0    Dex: 16 (17) Spells: 5/5 levels left

rFire    . . .     SeeInvis +   f - +4 dagger (speed)
rCold    . . .     Faith    .   (no shield)
rNeg     . . .     Spirit   .   p - +0 leather armour
rPois    .         Reflect  .   (no helmet)
rElec    .         Harm     .   j - +0 cloak
rCorr    .         Rampage  .   (no gloves)
Will     .....                  k - +0 pair of boots
Stlth    ++++......             (no amulet)
HPRegen  0.35/turn              l - +6 ring of strength
MPRegen  0.10/turn              (no ring)

@: healing quickly
A: alive, fangs 3, see invisible, vampiric 2
a: Exsanguinate


You were on level 3 of the Dungeon.
You visited 1 branch of the dungeon, and saw 5 of its levels.
You also visited: Ossuary.

You collected 424 gold pieces.

Inventory:

Hand Weapons
 a - a +2 dagger
 f - a +4 dagger of speed (weapon)
Missiles
 d - 8 poisoned darts (quivered)
 e - 2 curare-tipped darts
Armour
 b - a +0 robe
 c - a +0 cloak
 j - a +0 cloak (worn)
 k - a +0 pair of boots (worn)
 p - a +0 leather armour (worn)
Jewellery
 i - a ring of positive energy
 l - a +6 ring of strength (left hand)
 m - an amulet of the acrobat
Scrolls
 g - 8 scrolls of identify
 h - 2 scrolls of teleportation
 r - a scroll of brand weapon {unknown}
Potions
 n - a potion of curing
 o - 2 potions of attraction


   Skills:
 + Level 2.4 Fighting
 + Level 4.1 Short Blades
 + Level 1.7 Throwing
 + Level 0.1 Armour
 + Level 2.8 Dodging
 + Level 8.6 Stealth


You had 5 spell levels left.
You didn't know any spells.
Your spell library contained the following spells:

 Spells                   Type           Power      Damage    Failure   Level
 Corona                   Hex            0%         N/A       38%         1
 Ensorcelled Hibernation  Hex/Ice        0%         N/A       52%         2
 Tukima's Dance           Hex            0%         N/A       77%         3


Dungeon Overview and Level Annotations

Branches:
Dungeon (5/15)            Ossuary (visited)
 Temple: D:4-7

Altars:
Hepliaklqana
Yredelemnul

Annotations:
D:3 Terence


Innate Abilities, Weirdness & Mutations

Your natural rate of healing is accelerated.
You have razor-sharp teeth.
You have supernaturally acute eyesight. (SInv)
You are afflicted with vampirism and can become a bat while bloodless.


Message History

You closely miss Terence. You bite Terence, but do no damage.
Terence is moderately wounded.
Terence drinks a potion.
Terence goes berserk!
You hit Terence but do no damage. You bite Terence, but do no damage.
Terence is moderately wounded.
The dart slug launches a dart at you. The slug dart hits you.
Terence hits you with a +2 falchion of holy wrath!
You convulse.
You closely miss Terence.
Terence is moderately wounded.
Terence barely misses you.
You hit Terence. You bite Terence.
Terence is moderately wounded.
You hit Terence but do no damage.
Terence is moderately wounded.
Terence hits you with a +2 falchion of holy wrath!
You convulse.
The dart slug barely misses you. Terence misses you.
The dart slug launches a dart at you. The slug dart misses you.
You feel much better.
Terence hits you with a +2 falchion of holy wrath.
You convulse.
You hit Terence.
Terence is moderately wounded.
Terence barely misses you. The dart slug closely misses you.
Terence hits you with a +2 falchion of holy wrath!
You convulse!
* * * LOW HITPOINT WARNING * * *
You barely miss Terence. You bite Terence, but do no damage.
Terence is moderately wounded.
Terence rages.
Terence closely misses you. The dart slug launches a dart at you.
The slug dart misses you.
Terence hits you with a +2 falchion of holy wrath!
* * * LOW HITPOINT WARNING * * *
You convulse.
You die...

.....# ##.#.#
###.#.#.####....##
#.....†...†......#
#.#.#...####.....#
#.....# ##.#).#
#.###.# #.#))# #.
#.# #.#>)# #
#.#####.#..######.
.......@#......!..
#.#####@..††..###.
.#####.......#
#........w....#
#######.).)...##
#.....P≈≈#
#.....♣≈≈≈#
#....≈≈≈≈##
##.#...P≈#


You could see Terence (berserk) and a dart slug.

Vanquished Creatures
  A phantom (D:4)
  8 mummies (Ossuary)
  Robin (D:3)
  An adder (D:3)
  An ufetubus (D:4)
  An adder skeleton (D:4)
  2 orcs (D:4)
  6 ball pythons
  7 endoplasms
  2 giant cockroaches (D:1)
  8 hobgoblins
  10 jackals
  A quokka (D:1)
  5 bats
  5 frilled lizards
  12 goblins
  A goblin zombie (D:4)
  3 hobgoblin zombies (Ossuary)
  8 kobolds
  2 kobold zombies (Ossuary)
  3 orc zombies (Ossuary)
  3 rats
  A rat zombie (D:4)
92 creatures vanquished.

Vanquished Creatures (others)
  An orc wizard (D:5)
  A hobgoblin (D:4)
  A plant (D:3)
3 creatures vanquished.

Grand Total: 95 creatures vanquished

Notes
Turn   | Place    | Note
-------+----------+-------------------------------------------
     0 | D:1      | kobby the Vampire Brigand began the quest for the Orb.
     0 | D:1      | Reached XP level 1. HP: 16/16 MP: 1/1
   137 | D:1      | Reached skill level 6 in Stealth
   269 | D:1      | Reached XP level 2. HP: 14/22 MP: 2/2
   513 | D:1      | Found a faded altar of an unknown god.
  1010 | D:2      | Gained mutation: You are afflicted with vampirism and can
                  | become a bat while bloodless. [Vampire growth]
  1010 | D:2      | Reached XP level 3. HP: 17/27 MP: 3/3
  1071 | D:2      | Found a hazy altar of Hepliaklqana.
  1215 | D:2      | Reached skill level 7 in Stealth
  1748 | D:3      | You fall into a shaft and drop 2 floors!
  1748 | D:5      | Entered Level 5 of the Dungeon
  1819 | D:5      | Found a basalt altar of Yredelemnul.
  1827 | D:5      | Noticed a scorpion
  2090 | D:4      | Found a sand-covered staircase.
  2109 | Ossuary  | Entered an ossuary
  2218 | Ossuary  | Reached XP level 4. HP: 33/33 MP: 4/4
  2378 | Ossuary  | Reached skill level 8 in Stealth
  2446 | Ossuary  | Reached XP level 5. HP: 38/38 MP: 5/5
  2625 | D:4      | Noticed a phantom
  2648 | D:4      | Killed a phantom
  3033 | D:3      | Noticed Robin
  3058 | D:3      | Killed Robin
  3059 | D:3      | Reached XP level 6. HP: 18/46 MP: 6/6
  3208 | D:3      | Noticed Terence
  3231 | D:3      | Slain by Terence

Illustrated notes

Levels and vault maps discovered:
D:1:      giann_wishing_wells, layout_loops_ring,
          shapermc_ecumenical_altar_totnotflames, minmay_domino_4
D:2:      layout_basic, basic_altar
D:3:      layout_loops_ring, mainiacjoe_overflow_tiny_flanked,
          serial_bayou_pond_d, uniq_sigmund, uniq_terence, uniq_robin,
          uniq_purgy
D:4:      layout_rooms, enter_ossuary_4, lemuel_flame_loot_1
D:5:      minmay_diamond_boxcup, layout_basic, tgw_sif,
          mainiacjoe_overflow_small_starburst, minmay_temple_entry_trees,
          serial_rivers, chequers_serial_rivers_micro_c,
          chequers_serial_rivers_marsh, chequers_serial_rivers_room_b,
          chequers_serial_rivers_room_a, uniq_pikel

Skill      XL: |  1  2  3  4  5 |
---------------+----------------+-----
Stealth        | 6 7 8 |  8.6
Dodging        | 2 |  2.8
Short Blades   | 3 4 |  4.1
Fighting       | 2 |  2.4
Throwing       | |  1.7
Armour         | |  0.1

Action                   |  1- 3 |  4- 6 || total
-------------------------+-------+-------++-------
Melee: Dagger            |   154 |   155 ||   309
       Bite              |    15 |    22 ||    37
  Use: Scroll            |     4 |     3 ||     7
       Potion            |     2 |     6 ||     8
 Stab: Sleeping          |    16 |     3 ||    19
Armor: Robe              |    23 |     7 ||    30
       Leather armour    |       |    22 ||    22
Dodge: Dodged            |    74 |    65 ||   139
